 Dungeon Crawl Stone Soup version 0.31.0-9-g3a7656b989 (webtiles) character file.

Game seed: 14759537935782330811

20 qw the Shooter (level 2, 0/14 HPs)
             Began as a Spriggan Hunter on Feb 2, 2024.
             Slain by a quokka (2 damage)
             ... on level 1 of the Dungeon.
             The game lasted 00:00:01 (212 turns).

qw the Shooter (Spriggan Hunter)                     Turns: 212, Time: 00:00:02

Health: 0/14       AC:  2    Str:  7    XL:     2   Next: 58%
Magic:  3/3        EV: 19    Int: 10    God:
Gold:   22         SH:  0    Dex: 18    Spells: 1/1 levels left

rFire   . . .        a - +0 shortbow
rCold   . . .        (shield currently unavailable)
rNeg    . . .        c - +0 robe
rPois   .            (helmet restricted)
rElec   .            (no cloak)
rCorr   .            (gloves unavailable)
SInv    +            (boots unavailable)
Will    .....        (no amulet)
Stlth   ++           (no ring)
HPRegen 0.22/turn    (no ring)
MPRegen 0.08/turn

%: no passive effects
@: very quick
A: very small, no large weapons, unfitting armour, see invisible, speed 3
a: no special abilities


You were on level 1 of the Dungeon.
You visited 1 branch of the dungeon, and saw 1 of its levels.

You collected 22 gold pieces.


Innate Abilities, Weirdness & Mutations

You are very small and have problems with some larger weapons.
You are too small for most types of armour.
You have supernaturally acute eyesight. (SInv)
You cover ground extremely quickly. (Speed+++)


   Skills:
 - Level 1.5 Fighting
 + Level 4.2 Ranged Weapons
 - Level 4.0 Dodging
 - Level 1.5 Stealth


You had one spell level left.
You didn't know any spells.
Your spell library was empty.

Inventory:

Hand Weapons
 a - a +0 shortbow (weapon)
Armour
 c - a +0 robe (worn)
Jewellery
 f - a ring of ice
Scrolls
 b - a scroll of butterflies
 e - 3 scrolls of identify {unknown}
 g - a scroll of immolation {unknown}
Potions
 d - a potion of lignification {unknown}

Dungeon Overview and Level Annotations

Branches:
Dungeon (1/15)

Altars:


Message History

The arrow hits the goblin.
The goblin is heavily wounded.
The gnoll shouts!
You shoot an arrow. The arrow hits the goblin!
You kill the goblin!
A bat comes into view.
A kobold comes into view. It is wielding a +0 short sword.
A quokka comes into view.
Enter note:
Enter note:
Enter note:
Enter note:
204 ||| RETREEEEATING.
You shoot an arrow. The arrow barely misses the gnoll.
You shoot an arrow. The arrow hits the gnoll.
The gnoll is lightly wounded.
You shoot an arrow. The arrow hits the dart slug.
The dart slug is moderately wounded.
The gnoll hits you from afar with a +0 spear.
You shoot an arrow. The arrow hits the dart slug.
The dart slug is severely wounded.
The gnoll hits you from afar with a +0 spear.
You shoot an arrow. The arrow barely misses the dart slug.
The arrow hits the gnoll.
The gnoll is moderately wounded.
The dart slug completely misses you. The gnoll barely misses you.
You shoot an arrow. The arrow hits the dart slug.
You kill the dart slug!
You hear a shout!
A kobold comes into view. It is wielding a +0 whip.
The gnoll hits you from afar with a +0 spear.
The quokka closely misses you.
Enter note:
Enter note:
211 ||| RETREEEEATING.
The gnoll attacks as it pursues you! The gnoll barely misses you.
You shoot an arrow. The arrow hits the gnoll.
The gnoll is severely wounded.
The gnoll closely misses you. The quokka bites you.
You die...

######### # .. # # .#
############### #. .#
#..............
#.###.###..####.#######
#..#..#...#####....##..
###......##%...####....#
..#....g#####)............
......KKr@.......###.....#
..#..#.######....##..#####
# #) #...)##.. #. ####....
#w ..#.# #. .#..# r: .##
.K .#


You could see a gnoll, a quokka and 2 kobolds.

Vanquished Creatures
  A dart slug (D:1)
  An endoplasm (D:1)
  2 giant cockroaches (D:1)
  4 goblins (D:1)
  2 hobgoblins (D:1)
  A quokka (D:1)
  2 ball pythons (D:1)
  3 rats (D:1)
16 creatures vanquished.

Notes
Turn   | Place    | Note
-------+----------+-------------------------------------------
     0 | D:1      | qw the Spriggan Hunter began the quest for the Orb.
     0 | D:1      | Reached XP level 1. HP: 10/10 MP: 2/2
     0 | D:1      | 0 ||| qw: Version: 0.3-a-155-g5e7d8dd
     0 | D:1      | 0 ||| qw: Game counter: 2728
     0 | D:1      | 0 ||| qw: Melee chars always use a shield: true
     0 | D:1      | 0 ||| qw: God list: Okawaru
     0 | D:1      | 0 ||| qw: Allow faded altars: false
     0 | D:1      | 0 ||| qw: Do Orc after clearing Dungeon:15 true
     0 | D:1      | 0 ||| qw: Do second Lair branch before Depths: true
     0 | D:1      | 0 ||| qw: Lair rune preference: random
     0 | D:1      | 0 ||| qw: Goals: Normal
     0 | D:1      | 0 ||| PLANNING D:1-11
    64 | D:1      | Reached skill level 3 in Dodging
   116 | D:1      | Reached XP level 2. HP: 14/14 MP: 3/3
   204 | D:1      | 204 ||| RETREEEEATING.
   210 | D:1      | HP: 2/14 [gnoll/+0 spear (6)]
   211 | D:1      | 211 ||| RETREEEEATING.
   212 | D:1      | Slain by a quokka

Levels and vault maps discovered:
D:1:      erik_arrival_orb_chamber, layout_rooms

Skill      XL: |  1  2 |
---------------+-------+-----
Dodging        | 3 4 |  4.0
Fighting       | |  1.5
Ranged Weapons | |  4.2
Stealth        | |  1.5

Action                     || total
---------------------------++-------
   Fire: Shortbow          ||    41
 Armour: Robe              ||     6
  Dodge: Dodged            ||    14

Table legend:
 A = Non-vault XP
 B = Vault XP
 C = Vault XP percentage of total XP
 D = Non-vault monster count
 E = Vault monster count
 F = Vault count percentage of total count
                 A         B        C        D         E       F
            +---------+---------+-------+---------+---------+-------
      Total |      29 |       0 |   0.0 |      16 |       0 |   0.0
            +---------+---------+-------+---------+---------+-------
        D:1 |      29 |       0 |   0.0 |      16 |       0 |   0.0
            +---------+---------+-------+---------+---------+-------
